 Dungeon Crawl Stone Soup version 0.29.1-2-gbd0b4ee654 (webtiles) character file.

Game seed: 13231794405970021204

18 GeoRichter the Slasher (level 2, -2/19 HPs)
             Began as a Tengu Berserker on Nov 15, 2022.
             Was a Follower of Trog.
             Killed from afar by Sigmund (10 damage)
             ... with a magic dart
             ... on level 2 of the Dungeon.
             The game lasted 00:01:28 (1958 turns).

GeoRichter the Slasher (Tengu Berserker)            Turns: 1958, Time: 00:01:29

Health: -2/19      AC:  6    Str: 17    XL:     2   Next: 70%
Magic:  3/3        EV:  9    Int:  7    God:    Trog [*.....]
Gold:   37         SH:  3    Dex: 13    Spells: 1/1 levels left

rFire   . . .      SeeInvis .   a - +0 falchion
rCold   . . .      Faith    .   i - +0 buckler
rNeg    . . .      Spirit   .   o - +0 scale mail
rPois   .          Reflect  .   (helmet restricted)
rElec   .          Harm     .   (no cloak)
rCorr   .          Rampage  .   (no gloves)
Will    .....                   (boots unavailable)
Stlth   ..........              (no amulet)
HPRegen 0.06/turn               (no ring)
MPRegen 0.08/turn               (no ring)

@: no status effects
A: beak, talons 3
a: Renounce Religion, Berserk


You were on level 2 of the Dungeon.
You worshipped Trog.
Trog was aware of your devotion.
You visited 1 branch of the dungeon, and saw 2 of its levels.

You collected 37 gold pieces.

Inventory:

Hand Weapons
 a - a +0 falchion (weapon)
Armour
 b - a +0 animal skin
 i - a +0 buckler (worn)
   (You found it on level 1 of the Dungeon)
 o - a +0 scale mail (worn)
   (You found it on level 2 of the Dungeon)
Wands
 l - a wand of acid (7)
   (You found it on level 2 of the Dungeon)
Scrolls
 c - a scroll of magic mapping {unknown}
 d - 5 scrolls of identify {unknown}
 e - 2 scrolls of fear {unknown}
 g - a scroll of amnesia {unknown}
 k - a scroll of poison {unknown}
 n - a scroll of vulnerability {unknown}
Potions
 f - a potion of might {unknown}
 h - a potion of magic {unknown}
 j - 2 potions of resistance {unknown}
 m - 2 potions of degeneration {unknown}


   Skills:
 + Level 3.2 Fighting
 * Level 4.0 Long Blades
 - Level 2.1 Armour
 - Level 2.1 Dodging


You had one spell level left.
You didn't know any spells.
Your spell library was empty.

Dungeon Overview and Level Annotations

Branches:
Dungeon (2/15) Zot: 10036

Altars:

Shops:
D:1 [

Annotations:
D:2 Sigmund


Innate Abilities, Weirdness & Mutations

You have a beak for a mouth.
You have claws for feet.


Message History

There is a stone staircase leading down here.
Found a bubbling clear potion.
Found an escape hatch in the ceiling.
m - 2 bubbling clear potions (gained 1)
Found a scroll labelled TEATHR XONNA.
n - a scroll labelled TEATHR XONNA A goblin comes into view.
It is wielding a +0 dagger.
A goblin is nearby!
A goblin is nearby!
The goblin shouts!
You hit the goblin.
You kill the goblin!
Trog accepts your kill.
No target in view!
No target in view!
Found a scroll labelled ZELUF PEME.
Found a scale mail.
A ball python comes into view.
A ball python is nearby!
A ball python is nearby!
The ball python hisses angrily.
You hit the ball python. You claw the ball python.
You kill the ball python!
Trog accepts your kill.
No target in view!
d - 5 scrolls labelled ZELUF PEME (gained 1)
You see here a +0 scale mail.
o - a +0 scale mail You start removing your armour.
You continue taking off your +0 animal skin. x2
Keep disrobing? [Y]es or [N]o only, please.
Keep disrobing?
You stop removing your armour.
You start removing your armour.
You continue taking off your +0 animal skin. x4
You finish taking off your +0 animal skin.
You start putting on your armour.
You continue putting on your +0 scale mail. x5
You finish putting on your +0 scale mail.
Sigmund the Dreaded comes into view.
He is wielding a +0 scythe and carrying a wand of flame (12).
Sigmund shouts!
Sigmund points at you and mumbles some strange words.
The magic dart hits you!
Ouch! That really hurt!
* * * LOW HITPOINT WARNING * * *
Sigmund points at you and mumbles some strange words.
The magic dart hits you!
Ouch! That really hurt!
You die...

#..############ #..#
#....@......... ... #.### #. ###
#.@.# # .#.. ########.########
###### .... .................
...... #..
.......#.################# .
#..########.#.#.###.........#..
..#.............@.........##....#
............#...#......<........#
....#.......#...#..............##
..........#....)#..............#
g#..#....##.....#..............#
.........+..................#+##
..#.#....############.......# #
#.#.#### ############## # #.
.........)....


You could see Sigmund.

Vanquished Creatures
  A dart slug (D:1)
  An endoplasm (D:2)
  A giant cockroach (D:1)
  A quokka (D:2)
  4 ball pythons
  2 bats (D:1)
  A frilled lizard (D:1)
  2 goblins (D:2)
  3 kobolds
  A rat (D:2)
17 creatures vanquished.

Vanquished Creatures (others)
  2 fungi (D:2)
2 creatures vanquished.

Grand Total: 19 creatures vanquished

Notes
Turn   | Place    | Note
-------+----------+-------------------------------------------
     0 | D:1      | GeoRichter the Tengu Berserker began the quest for the Orb.
     0 | D:1      | Reached XP level 1. HP: 14/14 MP: 2/2
   424 | D:1      | Reached XP level 2. HP: 14/19 MP: 3/3
   543 | D:1      | Found Guose's Antique Armour Emporium.
  1692 | D:2      | Reached skill level 4 in Long Blades
  1952 | D:2      | Noticed Sigmund
  1958 | D:2      | Killed from afar by Sigmund

Illustrated notes

Levels and vault maps discovered:
D:1:      dpeg_arrival_signposts, layout_loops_corners, serial_forest,
          infiniplex_forest_end_2, infiniplex_forest_clump_curved,
          infiniplex_forest_clump_medium, infiniplex_forest_zigzag_1,
          infiniplex_forest_straight_2, infiniplex_forest_zigzag_1,
          infiniplex_forest_end_1, serial_shops, nicolae_shop_behind_doors
D:2:      minmay_recursive_quarters, layout_basic, serial_shops,
          nicolae_shop_hallway_stairs, uniq_crazy_yiuf_cottage, uniq_sigmund,
          uniq_terence

Skill      XL: |  1  2 |
---------------+-------+-----
Long Blades    | 4 |  4.0
Fighting       | |  3.2
Armour         | |  2.1
Dodging        | |  2.1

Action                   || total
-------------------------++-------
Melee: Falchion          ||    39
       Kick              ||     8
       Peck              ||     5
Armor: Animal skin       ||    12
Dodge: Dodged            ||    27
Block: Buckler           ||     6
